 Dungeon Crawl Stone Soup version 0.31-a0-166-g46f44d267d (webtiles) character file.

Game seed: 5344018765929454837

49 qw the Shooter (level 3, 0/22 HPs)
             Began as a Gargoyle Hunter on June 13, 2023.
             Slain by a goblin
             ... wielding a +0 club
             ... led by Robin
              (1 damage)
             ... on level 2 of the Dungeon.
             The game lasted 00:00:24 (1020 turns).

qw the Shooter (Gargoyle Hunter)                    Turns: 1020, Time: 00:00:24

Health: 0/22       AC:  9    Str: 14    XL:     3   Next: 77%
Magic:  3/3        EV: 10    Int:  9    God:
Gold:   0          SH:  0    Dex: 15    Spells: 2/2 levels left

rFire   . . .        Y - +0 shortbow
rCold   . . .        (shield currently unavailable)
rNeg    + . .        h - +0 ring mail
rPois   inf          (no helmet)
rElec   +            e - +0 cloak
rCorr   .            (no gloves)
SInv    .            (no boots)
Will    .....        (no amulet)
Stlth   +            (no ring)
HPRegen 0.23/turn    (no ring)
MPRegen 0.08/turn

%: no passive effects
@: no status effects
A: sickness immunity, AC +3, negative energy resistance 1, electricity
resistance, torment resistance 1, petrification resistance
a: no special abilities


You were on level 2 of the Dungeon.
You visited 1 branch of the dungeon, and saw 2 of its levels.


Innate Abilities, Weirdness & Mutations

You are immune to sickness and miasma.
Your stone body is resilient. (AC +3)
You are immune to poison.
You resist negative energy. (rN+)
You are resistant to electric shocks. (rElec)
You are resistant to unholy torment.
You are immune to petrification.


   Skills:
 + Level 2.5 Fighting
 - Level 5.0 Ranged Weapons
 - Level 1.2 Armour
 - Level 1.5 Dodging
 - Level 1.1 Stealth


You had 2 spell levels left.
You didn't know any spells.
Your spell library was empty.

Inventory:

Hand Weapons
 Y - a +0 shortbow (weapon)
Armour
 e - a +0 cloak (worn)
 h - a +0 ring mail (worn)
Jewellery
 a - an amulet of the acrobat
Potions
 d - a potion of mutation {unknown}
 j - a potion of heal wounds {unknown}

Dungeon Overview and Level Annotations

Branches:
Dungeon (2/15)

Altars:


Message History

The goblin shoots a sling bullet.
The sling bullet hits you but does no damage.
A hobgoblin comes into view.
A ball python comes into view.
You shoot an arrow.
The arrow barely misses the ball python.
A goblin comes into view. It is wielding a +0 club.
You shoot an arrow. The arrow hits the ball python!
You kill the ball python!
You shoot an arrow. The arrow closely misses Robin.
The arrow hits the hobgoblin.
The hobgoblin is lightly wounded.
Robin throws the goblin at you! The goblin barely misses you.
You shoot an arrow. The arrow hits Robin!
Robin is heavily wounded.
Robin throws the goblin at you! The goblin hits you with a +0 dagger.
The goblin hits you but does no damage.
You shoot an arrow. The arrow hits Robin.
Robin is severely wounded.
Robin throws the goblin at you! The goblin hits you but does no damage.
The goblin closely misses you. The goblin barely misses you.
The goblin closely misses you. Robin hits you but does no damage.
The goblin hits you but does no damage. x2
You shoot an arrow. The arrow hits Robin!
You kill Robin!
The goblin hits you but does no damage. The goblin hits you with a +0 dagger.
The goblin barely misses you.
Your Armour skill increases to level 1!
You shoot an arrow. The arrow hits the hobgoblin!
You kill the hobgoblin!
The goblin hits you with a +0 club. The goblin hits you with a +0 dagger.
The goblin hits you but does no damage.
A worm comes into view.
You shoot an arrow. The arrow barely misses the goblin.
The goblin hits you with a +0 club. The goblin barely misses you.
The hobgoblin hits you. The goblin barely misses you.
You shoot an arrow. The arrow hits the goblin!
You kill the goblin!
The hobgoblin no longer looks unusually strong. x2
The goblin hits you but does no damage. The goblin hits you with a +0 club.
You die... #..w . .... .# #... .# #..#.. #..#) .gg

##g## ##g@.##
##.gg).##
##.......##
#.........####[..
+.........'......
#.#
#.........####...
#.# ##.......##
##.## ##.....##
#...# ##..<##
#^..#


You could see a worm, 3 hobgoblins and 3 goblins.

Vanquished Creatures
  Robin (D:2)
  A dart slug (D:1)
  6 ball pythons
  4 endoplasms (D:1)
  2 giant cockroaches (D:1)
  5 goblins
  2 hobgoblins
  2 jackals (D:1)
  4 kobolds
  3 bats (D:1)
  2 frilled lizards (D:1)
  5 rats
37 creatures vanquished.

Notes
Turn   | Place    | Note
-------+----------+-------------------------------------------
     0 | D:1      | qw the Gargoyle Hunter began the quest for the Orb.
     0 | D:1      | Reached XP level 1. HP: 12/12 MP: 1/1
     0 | D:1      | 0 ||| qw: Version: 0.2-a-29-gc1b59c4
     0 | D:1      | 0 ||| qw: Game counter: 4845
     0 | D:1      | 0 ||| qw: Always use a shield: true
     0 | D:1      | 0 ||| qw: God list: Okawaru
     0 | D:1      | 0 ||| qw: Allow faded altars: false
     0 | D:1      | 0 ||| qw: Do Orc after D:15 true
     0 | D:1      | 0 ||| qw: Do second Lair branch before Depths: true
     0 | D:1      | 0 ||| qw: Lair rune preference: random
     0 | D:1      | 0 ||| qw: Plans: Normal, Zot:1-4, Slime:5, God:TSO, Crypt,
                  | Tomb, Abyss, Pan, Hells, Win
     0 | D:1      | 0 ||| PLANNING D:1-11
    49 | D:1      | Reached XP level 2. HP: 17/17 MP: 2/2
   149 | D:1      | Found a faded altar of an unknown god.
   282 | D:1      | Reached XP level 3. HP: 15/21 MP: 3/3
   346 | D:1      | Reached skill level 5 in Ranged Weapons
   921 | D:1      | 921 ||| UPGRADING to +0 cloak.
   926 | D:1      | 926 ||| UPGRADING to +0 ring mail.
   936 | D:1      | 936 ||| DROPPING +0 leather armour.
   937 | D:1      | 937 ||| READING scroll labelled PIZIDO KUOL.
   938 | D:1      | 938 ||| READING scroll labelled LIMO KAMIOWNA.
   939 | D:1      | 939 ||| READING scroll labelled KAFUTU NOANUNONAMN.
   940 | D:1      | 940 ||| DROPPING scroll of butterflies.
  1010 | D:2      | Noticed Robin
  1017 | D:2      | Killed Robin
  1018 | D:2      | Reached skill level 1 in Armour
  1019 | D:2      | HP: 4/22 [goblin/+0 club[Robin] (5)]
  1019 | D:2      | HP: 1/22 [hobgoblin[Robin] (3)]
  1020 | D:2      | Slain by a goblin

Levels and vault maps discovered:
D:1:      ncdulo_watergridlock, layout_basic,
          ebering_ecumenical_altar_abandoned, minmay_cupped
D:2:      layout_loops_corners, basic_altar, uniq_robin

Skill      XL: |  1  2  3 |
---------------+----------+-----
Ranged Weapons | 5 |  5.0
Armour         | 1 |  1.2
Fighting       | |  2.5
Dodging        | |  1.5
Stealth        | |  1.1

Action                     || total
---------------------------++-------
   Fire: Shortbow          ||    98
    Use: Scroll            ||     3
 Armour: Leather armour    ||    19
         Ring mail         ||    10
  Dodge: Dodged            ||    30

Table legend:
 A = Non-vault XP
 B = Vault XP
 C = Vault XP percentage of total XP
 D = Non-vault monster count
 E = Vault monster count
 F = Vault count percentage of total count
                 A         B        C        D         E       F
            +---------+---------+-------+---------+---------+-------
      Total |      49 |      24 |  32.9 |      30 |       7 |  18.9
            +---------+---------+-------+---------+---------+-------
        D:1 |      46 |       4 |   8.0 |      27 |       3 |  10.0
        D:2 |       3 |      20 |  87.0 |       3 |       4 |  57.1
            +---------+---------+-------+---------+---------+-------
